 Dungeon Crawl Stone Soup version 0.26-a0-610-g3e9335bbc7 (webtiles) character file.

Game seed: 9492933878570395518

816 MrRokkomies the Digger (level 7, -3/41 HPs)
             Began as an Octopode Earth Elementalist on Sept 4, 2020.
             Was a Believer of Makhleb.
             Slain by a hippogriff (7 damage)
             ... on level 6 of the Dungeon.
             The game lasted 00:07:41 (5039 turns).

MrRokkomies the Digger (OpEE)                       Turns: 5039, Time: 00:07:42

Health: -3/41      AC:  3    Str:  7    XL:     7   Next: 94%
Magic:  14/20      EV: 16    Int: 19    God:    Makhleb [**....]
Gold:   292        SH:  0    Dex: 13    Spells: 2/12 levels left

rFire    . . .     SeeInvis .   a - +3 dagger (drain)
rCold    . . .     Faith    .   (no shield)
rNeg     . . .     Spirit   .   l - +2 hat
rPois    .         Reflect  .   (no amulet)
rElec    .         Harm     .   f - ring of magical power
rCorr    .                      (no ring)
MR       .....                  (no ring)
Stlth    ++++......             (no ring)
HPRegen  0.13/turn              (no ring)
MPRegen  0.17/turn              (no ring)
                                (no ring)
                                (no ring)

@: no status effects
A: almost no armour, stealthy swim, amphibious, 8 rings, constrict 8, camouflage
1, gelatinous body 1
a: Minor Destruction, Renounce Religion


You were on level 6 of the Dungeon.
You worshipped Makhleb.
Makhleb was pleased with you.
You visited 1 branch of the dungeon, and saw 6 of its levels.
You also visited: Sewer.

You collected 292 gold pieces.

Inventory:

Hand Weapons
 a - a +3 dagger of draining (weapon)
 b - a +0 short sword of electrocution
Missiles
 e - 5 javelins (quivered)
 o - 8 poisoned darts
 s - 140 stones
 x - 6 curare-tipped darts
Armour
 l - a +2 hat (worn)
Jewellery
 f - a ring of magical power (left tentacle)
Wands
 d - a wand of digging (3)
 m - a wand of iceblast (9)
 n - a wand of disintegration (17)
Scrolls
 h - a scroll of blinking
 i - 2 scrolls of immolation
 j - 3 scrolls of remove curse
 p - a scroll of fear
 q - a scroll of enchant armour
Potions
 c - 2 potions of cancellation
 g - a potion of lignification
 r - a potion of ambrosia
 t - 2 potions of mutation
 u - a potion of invisibility {unknown}
 v - 2 potions of flight
 w - a potion of heal wounds {unknown}
 z - 2 potions of curing


   Skills:
 + Level 1.5 Short Blades
 * Level 5.4 Dodging
 - Level 5.0 Stealth
 - Level 3.0 Spellcasting
 + Level 1.9 Transmutations
 * Level 5.8 Earth Magic


You had 2 spell levels left.
You knew the following spells:

 Your Spells              Type           Power        Failure   Level
a - Sandblast             Erth           ###...       1%          1
b - Passwall              Tmut/Erth      ###.....     4%          2
c - Petrify               Tmut/Erth      ###.....     30%         4
d - Stone Arrow           Conj/Erth      ##....       14%         3

Your spell library contained the following spells:

 Spells                   Type           Power        Failure   Level
 Lee's Rapid Deconstruct  Erth           ###.......   36%         5


Dungeon Overview and Level Annotations

Branches:
Dungeon (6/15)              Sewer (visited)
 Temple: D:4-7

Altars:
Makhleb


Innate Abilities, Weirdness & Mutations

You cannot wear most types of armour.
You are very stealthy in the water. (Stealth+)
You are amphibious.
You can wear up to eight rings at the same time.
You can use your tentacles to constrict eight enemies at once.
Your skin changes colour to match your surroundings (Stealth+).
Your rubbery body absorbs attacks. (AC +1, EV +1)


Message History

Press: ? - help, Shift-Dir - straight line, f - hippogriff
Aim: a hippogriff (lightly wounded, lightly drained)
The stone arrow hits the hippogriff!
The hippogriff is heavily wounded.
The hippogriff misses you. The hippogriff barely misses you.
The hippogriff misses you.
Casting: Stone Arrow (dangerous; 14% risk of failure)
Confirm with . or Enter, or press ? or * to list all spells.
Aiming: Stone Arrow (dangerous; 14% risk of failure)
Press: ? - help, Shift-Dir - straight line, f/p - hippogriff
Aim: a hippogriff (heavily wounded, lightly drained)
The stone arrow hits the hippogriff.
The hippogriff is heavily wounded.
The hippogriff barely misses you. The hippogriff pecks you.
The hippogriff claws you.
* * * LOW HITPOINT WARNING * * *
You feel better. The hippogriff bites you!
* * * LOW HITPOINT WARNING * * *
The hippogriff pecks you!
You die...

#
#########.###.#
#......@HZ.....
#.#######.###.#
#.# # ###.#
#...# #.### #.#
#.# #.#


You could see a hippogriff (drained) and a quokka zombie.

Vanquished Creatures
  An ice beast (D:5)
  Purgy (Sewer)
  A necrophage (D:5)
  A bullfrog (D:5)
  2 howler monkeys
  An orc priest (D:3)
  An orc wizard (D:3)
  A worker ant (D:4)
  2 iguanas
  Natasha (twice) (D:2)
  2 howler monkey zombies (D:5)
  Robin (D:3)
  7 adders
  A shadow imp (D:5)
  A white imp (D:5)
  2 ufetubi
  An ooze (D:1)
  3 worms
  A dart slug (D:2)
  3 leopard geckos
  5 orcs
  5 bats
  3 giant cockroaches
  16 goblins
  8 hobgoblins
  2 quokkas
  4 frilled lizards
  9 kobolds
  5 rats
92 creatures vanquished.

Notes
Turn   | Place    | Note
-------+----------+-------------------------------------------
     0 | D:1      | MrRokkomies the Octopode Earth Elementalist began the quest
                  | for the Orb.
     0 | D:1      | Reached XP level 1. HP: 11/11 MP: 3/3
   431 | D:1      | Reached XP level 2. HP: 17/17 MP: 5/5
  1302 | D:2      | Found a faded altar of an unknown god.
  1312 | D:2      | Became a worshipper of Makhleb the Destroyer
  1312 | D:2      | Reached * piety under Makhleb
  1345 | D:2      | Reached XP level 3. HP: 21/21 MP: 6/6
  1433 | D:2      | Noticed Natasha
  1440 | D:2      | Killed Natasha
  1782 | D:2      | Noticed Natasha
  1789 | D:2      | Killed Natasha
  1789 | D:2      | Reached XP level 4. HP: 22/27 MP: 7/7
  1793 | D:2      | Learned a level 2 spell: Passwall
  1798 | D:2      | Learned a level 4 spell: Petrify
  2258 | D:3      | Reached XP level 5. HP: 28/31 MP: 8/8
  2528 | D:3      | Noticed Robin
  2545 | D:3      | Reached ** piety under Makhleb
  2551 | D:3      | Reached XP level 6. HP: 10/36 MP: 10/10
  2561 | D:3      | Killed Robin
  3710 | D:4      | Found a glowing drain.
  3719 | Sewer    | Entered a sewer
  3738 | Sewer    | Noticed Purgy
  3756 | Sewer    | Killed Purgy
  3756 | Sewer    | Reached skill level 5 in Earth Magic
  3756 | Sewer    | Reached XP level 7. HP: 32/41 MP: 11/11
  4345 | D:5      | Entered Level 5 of the Dungeon
  4419 | D:5      | Reached skill level 5 in Stealth
  4462 | D:5      | Reached skill level 5 in Dodging
  4666 | D:5      | Reached skill level 1 in Short Blades
  4972 | D:6      | Learned a level 3 spell: Stone Arrow
  5030 | D:6      | Noticed a hippogriff
  5039 | D:6      | Slain by a hippogriff

Illustrated notes

Levels and vault maps discovered:
D:1:      dpeg_arrival_arbitrary_b, layout_loops_ring, minmay_statues_item
D:2:      layout_loops_cross, chequers_ecumenical_altar_simple_redux,
          uniq_natasha
D:3:      layout_basic, minmay_misc_feat_diagonals, uniq_robin
D:4:      layout_basic, cheibrodos_sewer_entry_bend, st_stairs_8
D:5:      layout_basic, hangedman_minor_gate_pass
D:6:      layout_loops_ring, uniq_menkaure

Skill      XL: |  1  2  3  4  5  6  7 |
---------------+----------------------+-----
Stealth        | 3 4 5 |  5.0
Dodging        | 3 4 5 |  5.4
Earth Magic    | 4 5 |  5.8
Spellcasting   | 3 |  3.0
Short Blades   | 1 |  1.5
Transmutations | |  1.9

Action                   |  1- 3 |  4- 6 |  7- 9 || total
-------------------------+-------+-------+-------++-------
Melee: Dagger            |    51 |   113 |    57 ||   221
       Constrict         |    11 |    21 |    11 ||    43
       Tentacles         |     7 |    14 |    11 ||    32
Throw: Javelin           |       |     3 |       ||     3
 Cast: Sandblast         |     3 |       |       ||     3
       Stone Arrow       |       |       |     2 ||     2
  Use: Scroll            |     1 |     7 |     6 ||    14
       Potion            |       |     3 |     1 ||     4
 Stab: Sleeping          |     7 |     7 |    11 ||    25
       Distracted        |       |     1 |       ||     1
Armor: Skin              |     1 |    13 |     6 ||    20
Dodge: Dodged            |    23 |   121 |    37 ||   181

Table legend: (Time is in decaauts)
 A = Elapsed time spent in this place.
 B = Non-inter-level travel time spent in this place.
 C = Inter-level travel time spent in this place.
 D = Time resting spent in this place.
 E = Time spent auto-exploring this place.
 F = Levels seen in this place.
 G = Mean time per level.
                   A        B        C        D        E       F      G
               +--------+--------+--------+--------+--------+-----+--------+
         Total |   5017 |   4939 |     78 |    129 |   4145 |   7 |  716.7 |
       Dungeon |   4810 |   4732 |     78 |    129 |   3994 |   6 |  801.7 |
         Sewer |    206 |    206 |      0 |      0 |    151 |   1 |  206.0 |
               +--------+--------+--------+--------+--------+-----+--------+

Top non-repeatable levels by time:
     D:3: 1402 daAuts
     D:1: 1033 daAuts
     D:2: 857 daAuts
     D:4: 824 daAuts
     D:5: 607 daAuts
   Sewer: 206 daAuts
     D:6: 84 daAuts
